 Dungeon Crawl Stone Soup version 0.28-a0-630-g0357d9c091 (webtiles) character file.

Game seed: 7750746895490037235

248 Gargoyl the Skirmisher (level 6, -1/53 HPs)
             Began as a Gnoll Abyssal Knight on Oct 9, 2021.
             Was a Believer of Lugonu.
             Slain by Crazy Yiuf (3 damage)
             ... on level 4 of the Dungeon.
             The game lasted 00:04:08 (3941 turns).

Gargoyl the Skirmisher (Gnoll Abyssal Knight)       Turns: 3941, Time: 00:04:09

Health: -1/53      AC: 12    Str: 14    XL:     6   Next: 12%
Magic:  4/9        EV: 16    Int:  9    God:    Lugonu [**....]
Gold:   115        SH:  6    Dex: 13    Spells: 8/8 levels left

rFire   . . .      SeeInvis +   a - +2 hand axe
rCold   . . .      Faith    .   c - +2 buckler {AC+3}
rNeg    . . .      Spirit   .   i - +0 ring mail
rPois   .          Reflect  .   (no helmet)
rElec   .          Harm     .   e - +0 cloak
rCorr   .          Rampage  .   k - +1 pair of gloves
Will    .....                   (no boots)
Stlth   +.........              (no amulet)
HPRegen 0.17/turn               j - ring of see invisible
MPRegen 0.11/turn               (no ring)

@: agile, lethally poisoned (-1 -> -5)
A: fangs 1, strong nose, distributed training
a: Renounce Religion, Depart the Abyss, Bend Space


You were on level 4 of the Dungeon.
You worshipped Lugonu.
Lugonu was pleased with you.
You visited 1 branch of the dungeon, and saw 4 of its levels.
You visited the Abyss 1 time.

You collected 115 gold pieces.

Inventory:

Hand Weapons
 a - a +2 hand axe (weapon)
 h - a +0 war axe
Missiles
 g - 2 throwing nets
Armour
 c - a +2 buckler of protection (worn)
 e - a +0 cloak (worn)
 i - a +0 ring mail (worn)
 k - a +1 pair of gloves (worn)
Jewellery
 j - a ring of see invisible (left hand)
Wands
 m - a wand of flame (16)
Scrolls
 f - 2 scrolls of identify
Potions
 b - 2 potions of magic


   Skills:
 + Level 6.8 Fighting
 + Level 1.8 Short Blades
 + Level 1.8 Long Blades
 + Level 4.9 Axes
 + Level 1.8 Maces & Flails
 + Level 1.8 Polearms
 + Level 1.8 Staves
 + Level 1.8 Slings
 + Level 1.8 Bows
 + Level 1.8 Crossbows
 + Level 1.8 Throwing
 + Level 4.9 Armour
 + Level 3.1 Dodging
 + Level 1.8 Stealth
 + Level 1.8 Shields
 + Level 1.8 Unarmed Combat
 + Level 1.8 Spellcasting
 + Level 1.4 Conjurations
 + Level 1.4 Hexes
 + Level 1.4 Summonings
 + Level 1.4 Necromancy
 + Level 1.4 Translocations
 + Level 1.4 Transmutations
 + Level 1.4 Fire Magic
 + Level 1.4 Ice Magic
 + Level 1.4 Air Magic
 + Level 1.4 Earth Magic
 + Level 1.4 Poison Magic
 + Level 5.0 Invocations
 + Level 1.8 Evocations


You had 8 spell levels left.
You didn't know any spells.
Your spell library contained the following spells:

 Spells                   Type           Power      Damage    Failure   Level
 Slow                     Hex            3%         N/A       58%         2
 Confusing Touch          Hex            3%         N/A       82%         3
 Vampiric Draining        Necr           1%         2d6       82%         3


Dungeon Overview and Level Annotations

Branches:
Dungeon (4/15)
 Temple: D:4-7

Altars:
Okawaru
Qazlal

Annotations:
D:4 Crazy Yiuf


Innate Abilities, Weirdness & Mutations

You have very sharp teeth.
Your uncanny sense of smell can sniff out nearby items.
Your experience applies equally to all skills.


Message History

You hit Crazy Yiuf. You bite Crazy Yiuf, but do no damage.
Crazy Yiuf is heavily wounded.
Crazy Yiuf hits you with a +4 quarterstaff of chaos.
Crazy Yiuf burns you.
You closely miss Crazy Yiuf. You bite Crazy Yiuf, but do no damage.
Crazy Yiuf is heavily wounded.
Crazy Yiuf hits you with a +4 quarterstaff of chaos!
You are poisoned.
You feel much better.
You feel sick. Crazy Yiuf hits you but does no damage.
You are more poisoned.
You hit Crazy Yiuf but do no damage. You bite Crazy Yiuf, but do no damage.
Crazy Yiuf is heavily wounded.
You feel very sick.
Crazy Yiuf says, "Rot!"
Crazy Yiuf hits you with a +4 quarterstaff of chaos!
You are confused.
You hit Crazy Yiuf.
Crazy Yiuf is almost dead.
You feel less confused.
You feel sick.
Crazy Yiuf hits you with a +4 quarterstaff of chaos!
* * * LOW HITPOINT WARNING * * *
You feel your power leaking away.
Crazy Yiuf cries, "Snoogle!"
Crazy Yiuf closely misses you.
You completely miss Crazy Yiuf. You bite Crazy Yiuf.
Crazy Yiuf is almost dead.
You feel sick. Crazy Yiuf completely misses you.
Unknown command.
You closely miss Crazy Yiuf. You bite Crazy Yiuf, but do no damage.
Crazy Yiuf is almost dead.
You feel sick. Crazy Yiuf barely misses you.
Unknown command.
You closely miss Crazy Yiuf.
Crazy Yiuf is almost dead.
You feel sick.
Crazy Yiuf hits you with a +4 quarterstaff of chaos!
* * * LOW HITPOINT WARNING * * *
Crazy Yiuf freezes you.
You die...

♣♣♣♣♣### ### ♣♣♣.♣.P..##
#...#♣..♣.PP...##
#...g@♣♣♣♣......# #)..#♣♣
♣♣.....# ###### ### ♣♣##..#
##....## #.## #......# #.#
####.....###### #.#
.###..........###########.#
..#.......................#
...#....##.........########


You could see Crazy Yiuf.

Vanquished Creatures
  A hound (D:3)
  Jessica (D:3)
  An iguana (D:3)
  4 gnolls (D:4)
  5 adders
  An ufetubus (D:4)
  2 worms
  2 dart slugs
  5 bats
  9 endoplasms
  2 giant cockroaches
  7 hobgoblins
  7 kobolds
  6 quokkas
  5 ball pythons
  4 frilled lizards
  7 goblins
  3 rats
72 creatures vanquished.

Vanquished Creatures (others)
  2 fungi (D:4)
2 creatures vanquished.

Grand Total: 74 creatures vanquished

Notes
Turn   | Place    | Note
-------+----------+-------------------------------------------
     0 | Abyss:1  | Gargoyl the Gnoll Abyssal Knight began the quest for the
                  | Orb.
     0 | Abyss:1  | Reached XP level 1. HP: 23/23 MP: 3/3
    97 | Abyss:1  | Identified a scroll of acquirement
    97 | Abyss:1  | Acquired a +2 buckler of protection
   166 | Abyss:1  | Noticed a worldbinder
   170 | Abyss:1  | Noticed a fire bat
   171 | D:1      | Escaped the Abyss
   303 | D:1      | Reached XP level 2. HP: 29/29 MP: 5/5
  1218 | D:2      | Reached * piety under Lugonu
  1219 | D:2      | Reached XP level 3. HP: 29/35 MP: 6/6
  1784 | D:2      | Reached skill level 1 in Short Blades
  1784 | D:2      | Reached skill level 1 in Long Blades
  1784 | D:2      | Reached skill level 1 in Maces & Flails
  1784 | D:2      | Reached skill level 1 in Polearms
  1784 | D:2      | Reached skill level 1 in Staves
  1784 | D:2      | Reached skill level 1 in Slings
  1784 | D:2      | Reached skill level 1 in Bows
  1784 | D:2      | Reached skill level 1 in Crossbows
  1784 | D:2      | Reached skill level 1 in Throwing
  1784 | D:2      | Reached skill level 1 in Stealth
  1784 | D:2      | Reached skill level 1 in Shields
  1784 | D:2      | Reached skill level 1 in Unarmed Combat
  1784 | D:2      | Reached skill level 1 in Spellcasting
  1784 | D:2      | Reached skill level 1 in Evocations
  1856 | D:2      | Reached XP level 4. HP: 41/41 MP: 7/7
  2241 | D:3      | Noticed a water elemental
  2243 | D:3      | Found a stormy altar of Qazlal.
  2245 | D:3      | Noticed an air elemental
  2245 | D:3      | Noticed an earth elemental
  2245 | D:3      | Noticed a fire elemental
  2374 | D:3      | Noticed Jessica
  2384 | D:3      | Killed Jessica
  2385 | D:3      | Reached skill level 1 in Conjurations
  2385 | D:3      | Reached skill level 1 in Hexes
  2385 | D:3      | Reached skill level 1 in Summonings
  2385 | D:3      | Reached skill level 1 in Necromancy
  2385 | D:3      | Reached skill level 1 in Translocations
  2385 | D:3      | Reached skill level 1 in Transmutations
  2385 | D:3      | Reached skill level 1 in Fire Magic
  2385 | D:3      | Reached skill level 1 in Ice Magic
  2385 | D:3      | Reached skill level 1 in Air Magic
  2385 | D:3      | Reached skill level 1 in Earth Magic
  2385 | D:3      | Reached skill level 1 in Poison Magic
  2555 | D:3      | Reached XP level 5. HP: 24/47 MP: 8/8
  2741 | D:3      | Reached ** piety under Lugonu
  3157 | D:4      | Found an iron altar of Okawaru.
  3506 | D:4      | Reached skill level 5 in Invocations
  3507 | D:4      | HP: 1/47 [gnoll (4)]
  3510 | D:4      | Reached XP level 6. HP: 3/53 MP: 9/9
  3915 | D:4      | Found a runed translucent door.
  3916 | D:4      | Noticed Crazy Yiuf
  3941 | D:4      | HP: 2/53 [Crazy Yiuf (9)]
  3941 | D:4      | Slain by Crazy Yiuf

Illustrated notes

Levels and vault maps discovered:
D:1:      dpeg_arrival_court, layout_loops_ring, minmay_splitting_lines
D:2:      layout_loops_corners, minmay_pentomino_q4
D:3:      layout_basic, nicolae_qazlal_style_of_elements, serial_bayou_ford_a,
          uniq_jessica
D:4:      layout_cave_pools, nicolae_overflow_crystal_walls, minivault_19,
          minmay_misc_feat_room, uniq_crazy_yiuf_cottage

Skill      XL: |  1  2  3  4  5 |
---------------+----------------+-----
Short Blades   | 1 |  1.8
Long Blades    | 1 |  1.8
Maces & Flails | 1 |  1.8
Polearms       | 1 |  1.8
Staves         | 1 |  1.8
Slings         | 1 |  1.8
Bows           | 1 |  1.8
Crossbows      | 1 |  1.8
Throwing       | 1 |  1.8
Stealth        | 1 |  1.8
Shields        | 1 |  1.8
Unarmed Combat | 1 |  1.8
Spellcasting   | 1 |  1.8
Evocations     | 1 |  1.8
Conjurations   | 1 |  1.4
Hexes          | 1 |  1.4
Summonings     | 1 |  1.4
Necromancy     | 1 |  1.4
Translocations | 1 |  1.4
Transmutations | 1 |  1.4
Fire Magic     | 1 |  1.4
Ice Magic      | 1 |  1.4
Air Magic      | 1 |  1.4
Earth Magic    | 1 |  1.4
Poison Magic   | 1 |  1.4
Dodging        | 3 |  3.1
Invocations    | 5 |  5.0
Fighting       | |  6.8
Axes           | |  4.9
Armour         | |  4.9

Action                   |  1- 3 |  4- 6 || total
-------------------------+-------+-------++-------
Melee: Hand axe          |   125 |   150 ||   275
       Bite              |    14 |    16 ||    30
Invok: Depart the Abyss  |     1 |       ||     1
  Use: Scroll            |     4 |     6 ||    10
       Potion            |       |     3 ||     3
Armor: Leather armour    |    10 |       ||    10
       Ring mail         |    44 |    66 ||   110
Dodge: Dodged            |    70 |    87 ||   157
Block: Buckler           |    35 |    40 ||    75

Table legend: (Time is in decaauts)
 A = Elapsed time spent in this place.
 B = Non-inter-level travel time spent in this place.
 C = Inter-level travel time spent in this place.
 D = Time resting spent in this place.
 E = Time spent auto-exploring this place.
 F = Levels seen in this place.
 G = Mean time per level.
                   A        B        C        D        E       F      G
               +--------+--------+--------+--------+--------+-----+--------+
         Total |   3982 |   3860 |    122 |    250 |   2829 |   5 |  796.4 |
       Dungeon |   3811 |   3689 |    122 |    250 |   2671 |   4 |  952.8 |
         Abyss |    171 |    171 |      0 |      0 |    158 |   1 |  171.0 |
               +--------+--------+--------+--------+--------+-----+--------+

Top non-repeatable levels by time:
     D:2: 1057 daAuts
     D:1: 970 daAuts
     D:3: 919 daAuts
     D:4: 863 daAuts
 Abyss:1: 171 daAuts
